 Dungeon Crawl Stone Soup version 0.31-a0-325-g067879e3d3 (webtiles) character file.

Game seed: 16389734517756201176

901 cforsyth the Changeling (level 7, -1/53 HPs)
             Began as a Vampire Shapeshifter on July 18, 2023.
             Slain by a hound (3 damage)
             ... on level 5 of the Dungeon.
             The game lasted 00:05:49 (3626 turns).

cforsyth the Changeling (Vampire Shapeshifter)      Turns: 3626, Time: 00:05:49

Health: -1/53      AC:  2    Str: 16    XL:     7   Next: 80%
Magic:  7/7        EV: 12    Int: 10    God:
Gold:   198        SH:  0    Dex: 15    Spells: 6/6 levels left

rFire   . .          .
                       - Unarmed
rCold   . . .        (no shield)
rNeg    . . .        a - +0 animal skin
rPois   .            (helmet currently unavailable)
rElec   .            (cloak currently unavailable)
rCorr   +            (gloves currently unavailable)
SInv    +            (boots currently unavailable)
Will    .....        (no amulet)
Stlth   +            i - ring of resist corrosion
HPRegen 0.48/turn    (no ring)
MPRegen 0.10/turn

%: no passive effects
@: beast-form, healing quickly
A: beast (slay +5), alive, fangs 3, see invisible, vampiric 2
a: Exsanguinate, Begin Untransformation


You were on level 5 of the Dungeon.
You were a hulking beast.
You visited 1 branch of the dungeon, and saw 5 of its levels.

You collected 198 gold pieces.

Inventory:

Armour
 a - a +0 animal skin (worn)
Jewellery
 i - a ring of resist corrosion (left hand)
Talismans
 c - a beast talisman
 p - a blade talisman
Wands
 r - a wand of paralysis (6)
 s - a wand of polymorph (12)
Scrolls
 d - a scroll of noise {unknown}
 f - 4 scrolls of identify {unknown}
 g - a scroll of amnesia {unknown}
 j - 4 scrolls of vulnerability {unknown}
 k - 2 scrolls of fear {unknown}
 m - a scroll of acquirement {unknown}
 o - a scroll of brand weapon {unknown}
 q - a scroll of fog {unknown}
 t - a scroll of revelation {unknown}
Potions
 b - 2 potions of lignification
 e - a potion of enlightenment {unknown}
 h - a potion of berserk rage {unknown}
 l - a potion of brilliance {unknown}
 n - a potion of invisibility {unknown}
 u - a potion of haste {unknown}


   Skills:
 - Level 3.7 Fighting
 - Level 2.1 Dodging
 - Level 4.4 Unarmed Combat
 + Level 7.4 Shapeshifting


You had 6 spell levels left.
You didn't know any spells.
Your spell library contained the following spells:

 Spells                   Type           Power      Damage    Failure   Level
 Slow                     Hex            0%         N/A       36%         1
 Confusing Touch          Hex            0%         N/A       75%         3
 Ozocubu's Armour         Ice            0%         N/A       75%         3
 Vampiric Draining        Necr           0%         2d6       75%         3
 Ozocubu's Refrigeration  Ice            0%         4d7       100%        7


Dungeon Overview and Level Annotations

Branches:
Dungeon (5/15)
 Temple: D:4-7

Altars:
Ashenzari
Dithmenos
Fedhas
Kikubaaqudgha
Uskayaw

Shops:
D:1 :

Annotations:
D:3 2 transporters, Newt's ghost, weakling DsGl
D:4 1 runed translucent door, Crazy Yiuf


Innate Abilities, Weirdness & Mutations

You are a hulking beast.
Your limbs bulge with bestial killing power. (Slay +5)
Your natural rate of healing is accelerated.
You have razor-sharp teeth.
You have supernaturally acute eyesight. (SInv)
You are afflicted with vampirism and can become a bat while bloodless.


Message History

You are poisoned.
The scorpion poisons you! The jelly hits you.
You are splashed with acid.
You resist.
You punch the jelly!
You kill the jelly!
You feel very sick. The scorpion completely misses you. The hound bites you.
The iguana hisses angrily.
You hit the scorpion.
The scorpion is lightly wounded.
You feel very sick. The hound misses you.
The scorpion stings you but does no damage.
You hit the scorpion.
The scorpion is moderately wounded.
You feel sick. The hound closely misses you. The scorpion closely misses you.
The hound bites you.
You hit the scorpion.
The scorpion is severely wounded.
You feel sick. The scorpion stings you. The hound barely misses you.
You closely miss the scorpion.
The scorpion is severely wounded.
You feel sick. The hound barely misses you.
The scorpion stings you but does no damage.
You punch the scorpion!
You kill the scorpion!
You feel sick. The hound bites you. x2
The hound attacks as you move away! The hound bites you but does no damage.
You feel sick. The hound attacks as you move away! The hound bites you.
You feel sick. The iguana bites you. The hound misses you.
The iguana attacks as you move away! The iguana bites you!
* * * LOW HITPOINT WARNING * * *
You feel sick. The hound attacks as you move away!
The hound closely misses you. The iguana attacks as you move away!
The iguana barely misses you.
You feel sick.
You are no longer poisoned.
The hound bites you.
You die...

###..##..##
##..<.##.##
####### #..##.)..#
##.....##
#......###
##.......##
#..###.#
#.....†...# #.##
#.# #.........#
### #.#
#.>..$....#
#.#####.l.......#
#......hh.......#
########..........
.........###
#)<.......#
#......(..#
#.........#
#.........#
##.......#


You could see an iguana and a hound.

Vanquished Creatures
  Sigmund (D:4)
  A necrophage (D:4)
  A scorpion (D:5)
  3 vampire bats (D:4)
  3 hounds
  2 jellies
  2 orc priests (D:3)
  An iguana (D:3)
  An orc wizard (D:3)
  Robin (D:3)
  6 gnolls
  5 adders
  5 dart slugs
  8 orcs
  8 ball pythons
  6 bats
  4 bat skeletons (D:4)
  2 bat zombies (D:4)
  7 endoplasms
  2 giant cockroaches
  12 goblins
  14 hobgoblins
  2 jackals (D:1)
  5 quokkas
  3 frilled lizards
  4 kobolds
  7 rats
116 creatures vanquished.

Notes
Turn   | Place    | Note
-------+----------+-------------------------------------------
     0 | D:1      | cforsyth the Vampire Shapeshifter began the quest for the
                  | Orb.
     0 | D:1      | Reached XP level 1. HP: 16/16 MP: 1/1
   169 | D:1      | Reached XP level 2. HP: 20/22 MP: 2/2
   390 | D:1      | Gained mutation: You are afflicted with vampirism and can
                  | become a bat while bloodless. [Vampire growth]
   390 | D:1      | Reached XP level 3. HP: 28/28 MP: 3/3
   468 | D:1      | Found Eluphodgh's Book Emporium.
   508 | D:1      | You fall into a shaft and drop 1 floor!
   817 | D:2      | Reached XP level 4. HP: 28/34 MP: 4/4
   977 | D:2      | Reached skill level 4 in Shapeshifting
  1357 | D:3      | Found a transporter.
  1360 | D:3      | Found a transporter.
  1360 | D:3      | Noticed Newt's ghost (weakling DsGl)
  1361 | D:3      | Noticed an ogre
  1361 | D:3      | Noticed an ogre
  1369 | D:3      | Noticed Robin
  1448 | D:3      | Killed Robin
  1616 | D:3      | Reached XP level 5. HP: 40/41 MP: 5/5
  1832 | D:3      | Found a broken altar of Ashenzari.
  2003 | D:3      | HP: 2/41 [orc priest/+0 dagger (5)]
  2127 | D:4      | Found a hide-covered altar of Uskayaw.
  2139 | D:4      | Reached XP level 6. HP: 43/47 MP: 6/6
  2279 | D:4      | Found an ancient bone altar of Kikubaaqudgha.
  2285 | D:4      | Reached skill level 5 in Shapeshifting
  2486 | D:4      | Found a shadowy altar of Dithmenos.
  2557 | D:4      | Found a blossoming altar of Fedhas.
  2826 | D:4      | Noticed Sigmund
  2846 | D:3      | Reached XP level 7. HP: 12/53 MP: 7/7
  2966 | D:4      | Killed Sigmund
  2967 | D:4      | Reached skill level 6 in Shapeshifting
  3408 | D:4      | Found a runed translucent door.
  3409 | D:4      | Noticed Crazy Yiuf
  3439 | D:5      | Entered Level 5 of the Dungeon
  3451 | D:5      | Reached skill level 7 in Shapeshifting
  3625 | D:5      | HP: 2/53 [poisoned by a scorpion]
  3626 | D:5      | Slain by a hound

Illustrated notes

Levels and vault maps discovered:
D:1:      dpeg_arrival_stone_temple_mockup, layout_loops_ring, serial_shops,
          shop_statue, grunt_decor_resistance, glass_columns_c,
          minmay_pentomino_o4
D:2:      layout_basic, roderic_lattice_a
D:3:      layout_loops_ring, ashenzari_altar_1, gammafunk_ghost_smash,
          uniq_robin
D:4:      layout_rooms, fedhas_altar_decomposition, kennysheep_vampire_church,
          mainiacjoe_overflow_tiny_flanked, grunt_dithmenos_smoke_and_mirrors,
          uniq_sigmund, uniq_crazy_yiuf_cottage
D:5:      layout_rooms

Skill      XL: |  1  2  3  4  5  6  7 |
---------------+----------------------+-----
Fighting       | 2 3 |  3.7
Unarmed Combat | 3 4 |  4.4
Shapeshifting  | 4 5 7 |  7.4
Dodging        | |  2.1

Action                     |  1- 3 |  4- 6 |  7- 9 || total
---------------------------+-------+-------+-------++-------
  Melee: Unarmed           |    96 |   201 |    32 ||   329
         Bite              |     6 |    18 |     5 ||    29
         Punch             |     2 |     3 |       ||     5
    Use: Potion            |       |       |     1 ||     1
   Stab: Sleeping          |     4 |     2 |       ||     6
 Armour: Animal skin       |    11 |    29 |     6 ||    46
         Skin              |       |       |     1 ||     1
  Dodge: Dodged            |    56 |   153 |    25 ||   234

Table legend: (Time is in decaauts)
 A = Elapsed time spent in this place.
 B = Non-inter-level travel time spent in this place.
 C = Inter-level travel time spent in this place.
 D = Time resting spent in this place.
 E = Time spent auto-exploring this place.
 F = Levels seen in this place.
 G = Mean time per level.
                   A        B        C        D        E       F      G
               +--------+--------+--------+--------+--------+-----+--------+
         Total |   3605 |   3504 |    101 |    486 |   2222 |   5 |  721.0 |
       Dungeon |   3605 |   3504 |    101 |    486 |   2222 |   5 |  721.0 |
               +--------+--------+--------+--------+--------+-----+--------+

Top non-repeatable levels by time:
     D:4: 1112 daAuts
     D:3: 1041 daAuts
     D:1: 679 daAuts
     D:2: 587 daAuts
     D:5: 185 daAuts
